 Dungeon Crawl Stone Soup version 0.23.0-2-g0fe3ce5905 (webtiles) character file.

Game seed: 10951286971652351810

175 Ivernyr the Chiller (level 5, -1/42 HPs)
             Began as a Naga Ice Elementalist on Feb 19, 2019.
             Killed by divine providence
             ... invoked by an orc priest
              (13 damage)
             ... on level 4 of the Dungeon on Feb 20, 2019.
             The game lasted 00:18:26 (2738 turns).

Ivernyr the Chiller (Naga Ice Elementalist)         Turns: 2738, Time: 00:18:27

Health: -1/42      AC:  2    Str: 11    XL:     5   Next: 55%
Magic:  4/9        EV: 10    Int: 16    God:
Gold:   97         SH:  0    Dex: 11    Spells: 4/10 levels left

rFire    + . .     SeeInvis +   l - +5 mace (venom)
rCold    . . .     Gourm    .   (no shield)
rNeg     . . .     Faith    .   a - +0 robe
rPois    +         Spirit   .   (no helmet)
rElec    .         Reflect  .   (no cloak)
rCorr    .         Harm     .   (no gloves)
MR       .....                  (no barding)
Stlth    ++........             (no amulet)
HPRegen  0.14/turn              t - ring of protection from fire
MPRegen  0.11/turn              (no ring)

@: short of breath, very slow
A: large, see invisible, deformed body, poison resistance, slowness 2, slow
metabolism 1, spit poison 1, AC +1
a: Spit Poison


You were on level 4 of the Dungeon.
You were very hungry.

You visited 1 branch of the dungeon, and saw 4 of its levels.

You collected 97 gold pieces.

Inventory:

Hand Weapons
 l - a +5 mace of venom (weapon)
Armour
 a - a +0 robe (worn)
 g - a +0 buckler
Jewellery
 t - a ring of protection from fire (left hand)
Scrolls
 b - 2 scrolls of remove curse {unknown}
 d - 2 scrolls of identify {unknown}
 f - a scroll of noise {unknown}
 i - a scroll of fog {unknown}
 k - a scroll of immolation {unknown}
 n - 2 scrolls of amnesia {unknown}
 o - 2 scrolls of teleportation {unknown}
 q - a scroll of magic mapping {unknown}
 r - a scroll of enchant weapon {unknown}
Potions
 e - 2 potions of resistance {unknown}
 h - 2 potions of degeneration {unknown}
 j - a potion of berserk rage {unknown}
 m - a potion of mutation {unknown}
 p - a potion of magic {unknown}
 s - a potion of flight {unknown}
Comestibles
 c - 6 rations


   Skills:
 - Level 2.0 Dodging
 - Level 3.0 Stealth
 + Level 1.4 Shields
 + Level 3.0 Spellcasting
 - Level 1.0 Conjurations
 * Level 4.8 Ice Magic


You had 4 spell levels left.
You knew the following spells:

 Your Spells              Type           Power        Failure   Level  Hunger
a - Freeze                Ice            ###.         2%          1    #......
b - Throw Frost           Conj/Ice       ##....       9%          2    ##.....
c - Ozocubu's Armour      Chrm/Ice       ##......     22%         3    ###....

Your spell library contained the following spells:

 Spells                   Type           Power        Failure   Level  Hunger
 Animate Skeleton         Necr           N/A          19%         1    #......
 Pain                     Necr           #...         19%         1    #......
 Regeneration             Chrm/Necr      #.........   50%         3    ###....
 Vampiric Draining        Necr           #.........   50%         3    ###....
 Throw Icicle             Conj/Ice       ##......     50%         4    #####..
 Summon Ice Beast         Ice/Summ       ##......     56%         4    #####..
 Animate Dead             Necr           N/A          88%         4    #####..


Dungeon Overview and Level Annotations

Branches:
Dungeon (4/15)
 Temple: D:4-7

Altars:

Annotations:
D:3 1 runed translucent door, Bitard's ghost, amateur MiBe


Innate Abilities, Weirdness & Mutations

You cannot wear boots.
Your serpentine skin is tough. (AC +1)
You have supernaturally acute eyesight. (SInv)
Armour fits poorly on your strangely shaped body.
Your system is resistant to poisons. (rPois)
You cover ground very slowly.
You have a slow metabolism.
You can spit poison.


Message History

The worker ant is severely wounded.
The worker ant bites you.
The worker ant bites you but does no damage.
You hit the worker ant.
The worker ant is poisoned.
The worker ant is almost dead.
You kill the worker ant!
Your Spellcasting skill increases to level 3!
The orc priest mumbles some strange prayers to Beogh against you.
Beogh smites you!
* * * LOW HITPOINT WARNING * * *
Press: ? - help, Shift-Dir - straight line, f - orc priest
Aim: an orc priest, wearing a +0 leather armour The splash of poison hits the orc priest but does no damage.
You feel slightly more hungry.
You start resting.
The orc priest is too close now for your liking.
Your icy armour cracks and falls away as you move.
The orc priest calls down the wrath of Beogh upon you.
Beogh smites you!
You die...

#....'..<.#......#
#######...#......#
#...####'###+#####
#...............
+...............
##..###...###...
#..###...## ..
#..........
#..@.......#
#)########## .o.
#... #... #...
.#'# ....


You could see an orc priest.

Vanquished Creatures
  A howler monkey (D:4)
  A worker ant (D:4)
  An adder (D:3)
  4 worms
  A dart slug (D:2)
  3 leopard geckos
  4 orcs
  2 ball pythons (D:3)
  10 bats
  2 giant cockroaches
  7 hobgoblins
  4 jackals (D:1)
  2 quokkas
  4 frilled lizards
  4 goblins
  6 kobolds
  5 rats
61 creatures vanquished.

Vanquished Creatures (others)
  An orc wizard (D:4)
  A frilled lizard (D:1)
  A rat (D:1)
3 creatures vanquished.

Grand Total: 64 creatures vanquished

Notes
Turn   | Place    | Note
-------+----------+-------------------------------------------
     0 | D:1      | Ivernyr the Naga Ice Elementalist began the quest for the
                  | Orb.
     0 | D:1      | Reached XP level 1. HP: 15/15 MP: 3/3
   119 | D:1      | Reached XP level 2. HP: 22/22 MP: 1/5
   158 | D:1      | Learned a level 2 spell: Throw Frost
   665 | D:1      | Reached XP level 3. HP: 28/28 MP: 6/6
   684 | D:1      | Learned a level 3 spell: Ozocubu's Armour
  1190 | D:2      | Found a faded altar of an unknown god.
  1484 | D:3      | Reached skill level 4 in Ice Magic
  1539 | D:3      | Reached XP level 4. HP: 36/36 MP: 0/7
  2334 | D:3      | Noticed Bitard's ghost (amateur MiBe)
  2516 | D:3      | Found a runed translucent door.
  2726 | D:4      | Reached skill level 1 in Shields
  2728 | D:4      | Reached XP level 5. HP: 35/42 MP: 3/9
  2738 | D:4      | Killed from afar by an orc priest

Skill      XL: |  1  2  3  4  5 |
---------------+----------------+-----
Dodging        | 2 |  2.0
Ice Magic      | 4 |  4.8
Shields        | 1 |  1.4
Spellcasting   | 3 |  3.0
Stealth        | |  3.0
Conjurations   | |  1.0

Action                   |  1- 3 |  4- 6 || total
-------------------------+-------+-------++-------
Melee: Unarmed           |    33 |       ||    33
       Spear             |     7 |       ||     7
       Mace              |       |    19 ||    19
 Cast: Freeze            |    16 |     4 ||    20
       Throw Frost       |     6 |     5 ||    11
       Ozocubu's Armour  |       |     1 ||     1
 Abil: Spit Poison       |    34 |    16 ||    50
  Eat: Chunk             |     3 |     4 ||     7
Armor: Robe              |    13 |     9 ||    22
Dodge: Dodged            |    37 |    14 ||    51
